 Dungeon Crawl Stone Soup version 0.29.1-1-gd02db69 (webtiles) character file.

Game seed: 18128332798894517240

65 Kel the Chopper (level 4, 0/28 HPs)
             Began as a Gargoyle Berserker on Nov 24, 2022.
             Was a Believer of Trog.
             Slain by a gnoll
             ... wielding a +0 halberd
              (3 damage)
             ... on level 3 of the Dungeon.
             The game lasted 00:02:52 (2144 turns).

Kel the Chopper (Gargoyle Berserker)                Turns: 2144, Time: 00:02:52

Health: 0/28       AC: 11    Str: 22    XL:     4   Next: 14%
Magic:  4/4        EV: 10    Int: 14    God:    Trog [**....]
Gold:   227        SH:  0    Dex:  9    Spells: 3/3 levels left

rFire   . . .      SeeInvis .   a - +0 hand axe
rCold   + + .      Faith    .   (no shield)
rNeg    + . .      Spirit   .   b - +0 scale mail
rPois   ∞          Reflect  .   (no helmet)
rElec   +          Harm     .   (no cloak)
rCorr   +          Rampage  .   c - +0 pair of gloves
Will    .....                   (no boots)
Stlth   ..........              (no amulet)
HPRegen 0.09/turn               f - ring of ice
MPRegen 0.09/turn               k - +6 ring of intelligence

@: resistant
A: sickness immunity, AC +3, negative energy resistance 1, electricity
resistance, torment resistance 1, petrification resistance
a: Renounce Religion, Berserk, Trog's Hand


You were on level 3 of the Dungeon.
You worshipped Trog.
Trog was pleased with you.
You visited 1 branch of the dungeon, and saw 3 of its levels.

You collected 227 gold pieces.

Inventory:

Hand Weapons
 a - a +0 hand axe (weapon)
Armour
 b - a +0 scale mail (worn)
 c - a +0 pair of gloves (worn)
Jewellery
 f - a ring of ice (left hand)
 k - a +6 ring of intelligence (right hand)
Scrolls
 d - a scroll of fear {unknown}
 e - a scroll of summoning {unknown}
 h - a scroll of magic mapping {unknown}
 j - a scroll of vulnerability {unknown}
 l - a scroll of blinking {unknown}
Potions
 g - a potion of curing {unknown}
 i - a potion of might {unknown}


   Skills:
 - Level 3.4 Fighting
 + Level 4.2 Axes
 - Level 2.3 Armour
 - Level 1.7 Dodging


You had 3 spell levels left.
You didn't know any spells.
Your spell library was empty.

Dungeon Overview and Level Annotations

Branches:
Dungeon (3/15)

Altars:


Innate Abilities, Weirdness & Mutations

You are immune to sickness and miasma.
Your stone body is resilient. (AC +3)
You are immune to poison.
You resist negative energy. (rN+)
You are resistant to electric shocks. (rElec)
You are resistant to unholy torment.
You are immune to petrification.


Message History

The quokka is heavily wounded.
The quokka bites you but does no damage.
The gnoll barely misses you. The gnoll hits you but does no damage.
You hit the quokka but do no damage.
The quokka is heavily wounded.
The quokka bites you but does no damage.
The gnoll hits you but does no damage. The gnoll closely misses you.
The quokka bites you but does no damage.
You slash the quokka!
You kill the quokka!
Trog accepts your kill.
The gnoll hits you from afar with a +0 halberd!
The gnoll hits you from afar with a +0 spear.
You are too injured to fight recklessly!
You are too injured to fight recklessly!
You are too injured to fight recklessly!
You closely miss the gnoll.
The gnoll hits you from afar with a +0 spear.
The gnoll hits you but does no damage. The gnoll misses you.
You hit the gnoll.
The gnoll is moderately wounded.
The gnoll closely misses you.
The gnoll hits you from afar with a +0 halberd.
* * * LOW HITPOINT WARNING * * *
The gnoll misses you. The gnoll hits you but does no damage.
The gnoll closely misses you.
The gnoll hits you from afar with a +0 spear.
* * * LOW HITPOINT WARNING * * *
The gnoll barely misses you. x2
It was a potion of resistance.
You feel protected. The gnoll hits you but does no damage.
The gnoll closely misses you. The gnoll hits you but does no damage.
The gnoll barely misses you.
You hit the gnoll.
The gnoll is heavily wounded.
The gnoll hits you from afar with a +0 spear.
* * * LOW HITPOINT WARNING * * *
The gnoll misses you. The gnoll hits you but does no damage.
The gnoll barely misses you. The gnoll hits you with a +0 halberd.
You die...

##.....# #. # #......#
#.. #...)<#######.###
##..[###........#
######### ##.## #...#
#.###.......#
####.######..#
#.......###.#
#........##..###.###.#.#
#.# #.##.###.##.g....#
#.#.# #.# #.##.#
#@###### #...###.#
#.##.#


#ggg# #.......# #.##.# ......# #.####### ##.##.# #.......# #..##
#####..)#.##.....?...####...## .....................+.......#
#####...#.##.........####...## ##.##.###.......#####..### ###.......# #..†....#
You could see 4 gnolls.

Vanquished Creatures
  2 adders
  A worm (D:2)
  4 orcs
  A ball python (D:2)
  4 endoplasms
  3 giant cockroaches
  A goblin (D:1)
  A hobgoblin (D:2)
  4 jackals (D:2)
  5 quokkas
  A bat (D:1)
  4 frilled lizards (D:1)
  2 kobolds
  5 rats
38 creatures vanquished.

Vanquished Creatures (others)
  2 demonic plants (D:1)
2 creatures vanquished.

Grand Total: 40 creatures vanquished

Notes
Turn   | Place    | Note
-------+----------+-------------------------------------------
     0 | D:1      | Kel the Gargoyle Berserker began the quest for the Orb.
     0 | D:1      | Reached XP level 1. HP: 14/14 MP: 1/1
   442 | D:1      | Reached XP level 2. HP: 14/19 MP: 2/2
   543 | D:1      | Found a faded altar of an unknown god.
   543 | D:1      | Noticed a balrug
   546 | D:1      | Reached skill level 3 in Axes
  1446 | D:2      | Reached XP level 3. HP: 19/23 MP: 3/3
  1837 | D:2      | Reached ** piety under Trog
  1939 | D:2      | Reached skill level 4 in Axes
  2085 | D:3      | Reached XP level 4. HP: 28/28 MP: 4/4
  2144 | D:3      | Slain by a gnoll

Illustrated notes

Levels and vault maps discovered:
D:1:      dpeg_chamrin_arrival_tetris, layout_basic,
          dreamdust_ecumenical_altar_sealed_demon
D:2:      layout_loops_cross, chequers_mini_garden
D:3:      layout_loops_corners, dancing_weapons_uskayaw,
          mainiacjoe_overflow_alcove_2, minmay_misc_feat_iff

Skill      XL: |  1  2  3 |
---------------+----------+-----
Axes           | 3 4 |  4.2
Fighting       | |  3.4
Armour         | |  2.3
Dodging        | |  1.7

Action                   |  1- 3 |  4- 6 || total
-------------------------+-------+-------++-------
Melee: Hand axe          |   126 |    11 ||   137
       Punch             |     1 |       ||     1
  Use: Potion            |       |     1 ||     1
Armor: Animal skin       |    21 |       ||    21
       Ring mail         |    25 |       ||    25
       Scale mail        |     2 |    14 ||    16
Dodge: Dodged            |    75 |    21 ||    96
